PAAA
BAKERSFIELD NOBLES @ BLOOMINGTON LONGNECKS
05/07/2022
 
TOP OF THE 1ST
Bakersfield Nobles batting - Pitching for Bloomington Longnecks : RHP Mark Bourg
Pitching: RHP Mark Bourg
Batting: RHB Ron Gérard 0-0: SINGLE (Groundball, 34D) (infield hit)
Batting: LHB Emery Miller 0-0: Ball
1-0: Ball
2-0: SINGLE (Groundball, 56D)
Ron Gérard to second
Batting: RHB Floyd Mitchell 0-0: Ball
1-0: Fly out, F6 (Popup, 56D)
Batting: LHB Jake Shelton 0-0: Called Strike
0-1: Foul Ball, location: 2F
0-2: Foul Ball, location: 2F
0-2: Ball
1-2: SINGLE (Groundball, 13) (infield hit)
Ron Gérard to third
Emery Miller to second
Batting: RHB Dong-po Tien 0-0: Ball
1-0: Called Strike
1-1: Ball
2-1: Ball
3-1: Base on Balls
Ron Gérard scores
Emery Miller to third
Jake Shelton to second
Batting: RHB Bill Sackett 0-0: SINGLE (Line Drive, 56)
Emery Miller scores
Jake Shelton to third
Dong-po Tien to second
Runner from 3rd tries for Home, SAFE, throw made home
Batting: RHB Bobby Christopher 0-0: Ball
Wild Pitch!
Dong-po Tien to third
Bill Sackett to second
1-0: 3-RUN HOME RUN (Flyball, 78XD), Distance : 395 ft
Batting: LHB Ricardo Miranda 0-0: Ball
1-0: Foul Ball, location: 2F
1-1: Ball
2-1: Foul Ball, location: 2F
2-2: Ball
3-2: Base on Balls
Batting: RHB Lloyd Alberink 0-0: Foul Ball, location: 2F
0-1: Called Strike
0-2: Fly out, F7 (Flyball, 78M)
Batting: RHB Ron Gérard 0-0: Fielders Choice at 2nd, U6 (Groundball, 6M)
Top of the 1st over - 6 run(s), 5 hit(s), 0 error(s), 1 left on base; Bakersfield 6 - Bloomington 0
BOTTOM OF THE 1ST
Bloomington Longnecks batting - Pitching for Bakersfield Nobles : LHP Tomiji Saikawa
Pitching: LHP Tomiji Saikawa
Batting: LHB John Doyle 0-0: Called Strike
0-1: Ground out 6-3 (Groundball, 6)
Batting: RHB Mike Neal 0-0: Ball
1-0: Called Strike
1-1: Ground out 6-3 (Groundball, 6)
Batting: LHB Monte Pollard 0-0: Called Strike
0-1: Swinging Strike
0-2: Ball
1-2: Foul Ball, location: 2F
1-2: Ground out 3-1 (Groundball, 3)
Bottom of the 1st over - 0 run(s), 0 hit(s), 0 error(s), 0 left on base; Bakersfield 6 - Bloomington 0
TOP OF THE 2ND
Bakersfield Nobles batting - Pitching for Bloomington Longnecks : RHP Mark Bourg
Batting: LHB Emery Miller 0-0: Ball
1-0: Ball
2-0: Ball
3-0: Base on Balls
Batting: RHB Floyd Mitchell 0-0: Called Strike
0-1: Ball
1-1: Ball
2-1: Fly out, F8 (Flyball, 8LXD)
Batting: LHB Jake Shelton 0-0: Ball
1-0: Ball
2-0: Swinging Strike
2-1: Called Strike
2-2: Strikes out swinging
Batting: RHB Dong-po Tien 0-0: Ball
1-0: Ball
2-0: Fly out, F8 (Line Drive, 8RM)
Top of the 2nd over - 0 run(s), 0 hit(s), 0 error(s), 1 left on base; Bakersfield 6 - Bloomington 0
BOTTOM OF THE 2ND
Bloomington Longnecks batting - Pitching for Bakersfield Nobles : LHP Tomiji Saikawa
Batting: RHB Darrell Terwey 0-0: Ball
1-0: Ground out 5-3 (Groundball, 56S)
Batting: RHB Kyle Bridges 0-0: Ball
1-0: Swinging Strike
1-1: Ball
2-1: Foul Ball, location: 2F
2-2: Strikes out swinging
Batting: LHB Carl Pierce 0-0: Ball
1-0: Ball
2-0: Ball
3-0: Base on Balls
Batting: RHB Lawrence Olsen 0-0: Ball
1-0: Called Strike
1-1: Called Strike
1-2: Foul Ball, location: 2F
1-2: Fly out, F9 (Flyball, 89D)
Bottom of the 2nd over - 0 run(s), 0 hit(s), 0 error(s), 1 left on base; Bakersfield 6 - Bloomington 0
TOP OF THE 3RD
Bakersfield Nobles batting - Pitching for Bloomington Longnecks : RHP Mark Bourg
Batting: RHB Bill Sackett 0-0: Called Strike
0-1: Ball
1-1: Ball
2-1: Ball
3-1: Base on Balls
Batting: RHB Bobby Christopher 0-0: Called Strike
0-1: Called Strike
0-2: Ball
1-2: Ball
2-2: Fly out, F7 (Flyball, 78XD)
Batting: LHB Ricardo Miranda 0-0: Foul Ball, location: 2F
0-1: Ball
1-1: Fly out, F7 (Line Drive, 7LM)
1-1: Fly out, F7 (Line Drive, 7LM)
Batting: RHB Lloyd Alberink 0-0: Called Strike
0-1: Ball
1-1: Fly out, F7 (Line Drive, 7M)
Top of the 3rd over - 0 run(s), 0 hit(s), 0 error(s), 1 left on base; Bakersfield 6 - Bloomington 0
BOTTOM OF THE 3RD
Bloomington Longnecks batting - Pitching for Bakersfield Nobles : LHP Tomiji Saikawa
Batting: LHB Ismael Dolit 0-0: Foul Ball, location: 2F
Reached via error on a dropped throw, E3
Batting: SHB Jack Bell 0-0: Ball
1-0: Foul Ball, location: 2F
1-1: Swinging Strike
1-2: Ground out 5-3 (Groundball, 5S)
Ismael Dolit to second
Batting: LHB John Doyle 0-0: Called Strike
0-1: Ball
1-1: Ball
2-1: Called Strike
2-2: Foul Ball, location: 2F
2-2: Ball
3-2: Ground out 1-3 (Groundball, 13S)
Ismael Dolit to third
Batting: RHB Mike Neal 0-0: Called Strike
0-1: Ball
1-1: Foul Ball, location: 2F
1-2: Ball
2-2: Ball
3-2: Strikes out looking
Bottom of the 3rd over - 0 run(s), 0 hit(s), 1 error(s), 1 left on base; Bakersfield 6 - Bloomington 0
TOP OF THE 4TH
Bakersfield Nobles batting - Pitching for Bloomington Longnecks : RHP Mark Bourg
Pitching: RHP Santiago Hernández
Batting: RHB Ron Gérard 0-0: Fly out, F8 (Flyball, 8LM)
Batting: LHB Emery Miller 0-0: Ball
1-0: Ball
2-0: Foul Ball, location: 2F
2-1: Foul Ball, location: 2F
2-2: SINGLE (Groundball, 15) (infield hit)
Batting: RHB Floyd Mitchell 0-0: Called Strike
Emery Miller is caught stealing 2nd base
0-1: Ground out 2-3 (Groundball, 2R)
Top of the 4th over - 0 run(s), 1 hit(s), 0 error(s), 0 left on base; Bakersfield 6 - Bloomington 0
BOTTOM OF THE 4TH
Bloomington Longnecks batting - Pitching for Bakersfield Nobles : LHP Tomiji Saikawa
Batting: LHB Monte Pollard 0-0: Called Strike
0-1: Ball
1-1: SINGLE (Groundball, 34S)
Batting: RHB Darrell Terwey 0-0: Fly out, F4 (Popup, 8RS)
Batting: RHB Kyle Bridges 0-0: Called Strike
0-1: Called Strike
0-2: Foul Ball, location: 2F
0-2: Fly out, F8 (Flyball, 8LXD)
Batting: LHB Carl Pierce 0-0: Ball
1-0: Called Strike
1-1: Ball
2-1: Foul Ball, location: 2F
2-2: Ball
3-2: Base on Balls
Monte Pollard to second
Batting: RHB Lawrence Olsen 0-0: Ball
1-0: Foul Ball, location: 2F
1-1: Ball
2-1: Foul Ball, location: 2F
2-2: Fly out, F7 (Flyball, 78XD)
Bottom of the 4th over - 0 run(s), 1 hit(s), 0 error(s), 2 left on base; Bakersfield 6 - Bloomington 0
TOP OF THE 5TH
Bakersfield Nobles batting - Pitching for Bloomington Longnecks : RHP Santiago Hernández
Batting: LHB Jake Shelton 0-0: Foul Ball, location: 2F
0-1: Fly out, F9 (Flyball, 9M)
Batting: RHB Dong-po Tien 0-0: Called Strike
0-1: Hit by Pitch
Batting: RHB Bill Sackett 0-0: Foul Ball, location: 2F
0-1: Ball
1-1: SINGLE (Groundball, 6D)
Dong-po Tien to second
Batting: RHB Bobby Christopher 0-0: Called Strike
0-1: Called Strike
0-2: Foul Ball, location: 2F
Reached via error on a dropped throw, E4
Dong-po Tien to third
Bill Sackett to second
Batting: LHB Ricardo Miranda 0-0: Called Strike
0-1: Ball
1-1: Ground out 4-3 (Groundball, 4M)
Dong-po Tien scores
Bill Sackett to third
Bobby Christopher to second
Batting: RHB Lloyd Alberink 0-0: Fly out, F9 (Line Drive, 9M)
Top of the 5th over - 1 run(s), 1 hit(s), 1 error(s), 2 left on base; Bakersfield 7 - Bloomington 0
BOTTOM OF THE 5TH
Bloomington Longnecks batting - Pitching for Bakersfield Nobles : LHP Tomiji Saikawa
Batting: LHB Ismael Dolit 0-0: Ball
1-0: Ground out 4-3 (Groundball, 4)
Batting: SHB Jack Bell 0-0: Ball
1-0: Foul Ball, location: 2F
1-1: SINGLE (Groundball, 6MD)
Batting: LHB John Doyle 0-0: Fielders Choice at 2nd, 1-6 (Groundball, 25)
Now at SS: Luis Jiménez
Batting: RHB Mike Neal Pickoff Throw to First - Out!
Bottom of the 5th over - 0 run(s), 1 hit(s), 0 error(s), 0 left on base; Bakersfield 7 - Bloomington 0
TOP OF THE 6TH
Bakersfield Nobles batting - Pitching for Bloomington Longnecks : RHP Santiago Hernández
Batting: RHB Ron Gérard 0-0: Called Strike
0-1: Ball
1-1: Ground out U3 (Groundball, 3S)
Batting: LHB Emery Miller 0-0: Ball
1-0: Ball
2-0: Foul Ball, location: 2F
2-1: Foul Ball, location: 2F
2-2: Foul Ball, location: 2F
2-2: Foul Ball, location: 2F
2-2: Ball
3-2: Base on Balls
Batting: RHB Floyd Mitchell 0-0: Fly out, F6 (Line Drive, 6)
Batting: LHB Jake Shelton 0-0: Swinging Strike
0-1: Foul Ball, location: 2F
0-2: Ball
1-2: SINGLE (Groundball, 3D)
Emery Miller to second
Runner from 2nd tries for 3rd, SAFE, throw made to third
Batting: RHB Dong-po Tien 0-0: Ball
1-0: Called Strike
1-1: Foul Ball, location: 2F
1-2: Strikes out looking
Top of the 6th over - 0 run(s), 1 hit(s), 0 error(s), 2 left on base; Bakersfield 7 - Bloomington 0
BOTTOM OF THE 6TH
Bloomington Longnecks batting - Pitching for Bakersfield Nobles : LHP Tomiji Saikawa
Batting: RHB Mike Neal 0-0: Ball
1-0: Ground out 6-3 (Groundball, 6)
Batting: LHB Monte Pollard 0-0: Fly out, F8 (Flyball, 78S)
Batting: RHB Darrell Terwey 0-0: Called Strike
0-1: Called Strike
0-2: Strikes out swinging
Bottom of the 6th over - 0 run(s), 0 hit(s), 0 error(s), 0 left on base; Bakersfield 7 - Bloomington 0
TOP OF THE 7TH
Bakersfield Nobles batting - Pitching for Bloomington Longnecks : RHP Santiago Hernández
Batting: RHB Bill Sackett 0-0: Ball
1-0: Fly out, F6 (Popup, 6MS)
Batting: RHB Bobby Christopher 0-0: Fly out, F8 (Flyball, 8RXD)
Batting: LHB Ricardo Miranda 0-0: Called Strike
0-1: Ball
1-1: Called Strike
1-2: Ball
2-2: Fly out, F7 (Flyball, 7D)
Top of the 7th over - 0 run(s), 0 hit(s), 0 error(s), 0 left on base; Bakersfield 7 - Bloomington 0
BOTTOM OF THE 7TH
Bloomington Longnecks batting - Pitching for Bakersfield Nobles : LHP Tomiji Saikawa
Batting: RHB Kyle Bridges 0-0: Called Strike
0-1: Swinging Strike
0-2: Ball
1-2: Ball
2-2: Ground out 5-3 (Groundball, 5)
Batting: LHB Carl Pierce 0-0: Ball
1-0: Called Strike
1-1: SINGLE (Groundball, 6M)
Batting: RHB Lawrence Olsen 0-0: Ball
1-0: Called Strike
1-1: Foul Ball, location: 2F
1-2: Grounds into double play, 4-6-3 (Groundball, 4)
Bottom of the 7th over - 0 run(s), 1 hit(s), 0 error(s), 0 left on base; Bakersfield 7 - Bloomington 0
TOP OF THE 8TH
Bakersfield Nobles batting - Pitching for Bloomington Longnecks : RHP Santiago Hernández
Pitching: RHP Gilberto Flores
Batting: RHB Luis Jiménez 0-0: Ground out 5-3 (Groundball, 5S)
Batting: RHB Ron Gérard 0-0: Ball
1-0: Foul Ball, location: 2F
1-1: Ground out 4-3 (Groundball, 4)
Batting: LHB Emery Miller 0-0: Called Strike
0-1: Foul Ball, location: 2F
0-2: Ball
1-2: Ball
2-2: Foul Ball, location: 2F
2-2: Ball
3-2: SINGLE (Line Drive, 56)
Batting: RHB Floyd Mitchell 0-0: Ball
1-0: Ground out 5-3 (Groundball, 56S)
Top of the 8th over - 0 run(s), 1 hit(s), 0 error(s), 1 left on base; Bakersfield 7 - Bloomington 0
BOTTOM OF THE 8TH
Bloomington Longnecks batting - Pitching for Bakersfield Nobles : LHP Tomiji Saikawa
Batting: LHB Ismael Dolit 0-0: Called Strike
0-1: Ball
1-1: DOUBLE (Flyball, 7D)
Batting: SHB Jack Bell 0-0: Called Strike
0-1: Ball
1-1: Foul Ball, location: 2F
1-2: Strikes out swinging
Batting: LHB John Doyle 0-0: Ball
1-0: Called Strike
1-1: Ball
2-1: SINGLE (Groundball, 56D)
Ismael Dolit to third
Batting: RHB Mike Neal 0-0: Fly out, F4 (Popup, 4MS)
Batting: LHB Monte Pollard 0-0: Swinging Strike
0-1: Fly out, F6 (Popup, 6MD)
Bottom of the 8th over - 0 run(s), 2 hit(s), 0 error(s), 2 left on base; Bakersfield 7 - Bloomington 0
TOP OF THE 9TH
Bakersfield Nobles batting - Pitching for Bloomington Longnecks : RHP Gilberto Flores
Pitching: RHP Jim Unknown
Batting: LHB Jake Shelton 0-0: Foul Ball, location: 2F
0-1: Ball
1-1: Called Strike
1-2: Ball
2-2: Ball
3-2: Fly out, F3 (Popup, 3S)
Batting: RHB Dong-po Tien 0-0: Ball
1-0: Ball
2-0: Fly out, F8 (Flyball, 8RS)
Batting: RHB Bill Sackett 0-0: Called Strike
0-1: Ball
1-1: Ball
2-1: Called Strike
2-2: Ball
3-2: Ground out 5-3 (Groundball, 5)
Top of the 9th over - 0 run(s), 0 hit(s), 0 error(s), 0 left on base; Bakersfield 7 - Bloomington 0
BOTTOM OF THE 9TH
Bloomington Longnecks batting - Pitching for Bakersfield Nobles : LHP Tomiji Saikawa
Batting: RHB Darrell Terwey 0-0: Swinging Strike
0-1: SINGLE (Line Drive, 6M)
Batting: RHB Kyle Bridges 0-0: Ball
1-0: Foul Ball, location: 2F
1-1: Swinging Strike
1-2: Strikes out looking
Batting: LHB Carl Pierce 0-0: Called Strike
0-1: Called Strike
0-2: Ball
1-2: Ball
2-2: Grounds into double play, U6-3 (Groundball, 6)
Bottom of the 9th over - 0 run(s), 1 hit(s), 0 error(s), 0 left on base; Bakersfield 7 - Bloomington 0
This league is powered by Out of the Park Baseball, the baseball management simulation game for PC, Mac and Linux
Friday, April 15th, 2016 - OOTP Baseball 16.9 Build 39